 Seeded DCSS version 0.31-a0-620-gd1cbd99268 (webtiles) character file.

Game seed: 12485923201681380469 (custom seed)

4652 innerfire43 the Martial Artist (level 10, -2/77 HPs)
             Began as a Gnoll Shapeshifter on Aug 23, 2023.
             Was an Elder of Cheibriados.
             Slain by an orange demon (6 damage)
             ... led by a cacodemon
             ... on level 1 of the Abyss.
             The game lasted 00:11:16 (5724 turns).

innerfire43 the Martial Artist (Gnoll Shapeshifter) Turns: 5724, Time: 00:11:16

Health: -2/77      AC: 16    Str: 25    XL:     10   Next: 43%
Magic:  16/19      EV: 17    Int: 26    God:    Cheibriados [****..]
Gold:   419        SH:  0    Dex: 23    Spells: 13/21 levels left

rFire   . .          .
                       - Unarmed
rCold   . . .        (shield currently unavailable)
rNeg    . . .        o - +4 ring mail
rPois   .            s - +0 helmet
rElec   .            K - +2 cloak
rCorr   .            J - +0 pair of gloves
SInv    .            (no boots)
Will    .....        (no amulet)
Stlth   +            h - +6 ring of strength
HPRegen 0.32/turn    D - +6 ring of intelligence
MPRegen 0.16/turn

%: random rage (3%)
@: confused, flux-form, slowed, glowing, very slow
A: glow, contaminating, fangs 1, strong nose, distributed training, berserk 1,
deterioration 1, (teleportitis 1), [weak 2], [inability to drink after injury
1], [inability to read after injury 1]
a: Begin Untransformation, Renounce Religion, Bend Time, Temporal Distortion,
Slouch


You were on level 1 of the Abyss.
You worshipped Cheibriados.
Cheibriados was greatly pleased with you.
You were something dangerously unstable.
You visited 1 branch of the dungeon, and saw 7 of its levels.
You visited the Abyss 1 time.
You also visited: Sewer.

You collected 419 gold pieces.

Inventory:

Missiles
 n - a throwing net
Armour
 a - a +0 animal skin
 o - a +4 ring mail (worn)
 s - a +0 helmet (worn)
 J - a +0 pair of gloves (worn)
 K - a +2 cloak (worn)
Jewellery
 h - a +6 ring of strength (left hand)
 w - a ring of fire
 D - a +6 ring of intelligence (right hand)
Talismans
 c - a beast talisman
 d - a flux talisman (active)
 j - a blade talisman
Wands
 y - a wand of iceblast (8)
 C - a wand of light (12)
 I - a wand of digging (8)
Scrolls
 f - a scroll of vulnerability
 g - a scroll of fog
 i - 3 scrolls of enchant weapon {unknown}
 k - 4 scrolls of amnesia {unknown}
 l - 5 scrolls of teleportation {unknown}
 p - a scroll of enchant armour {unknown}
 q - 2 scrolls of revelation {unknown}
 r - a scroll of butterflies {unknown}
 u - 3 scrolls of immolation {unknown}
 v - a scroll of blinking {unknown}
 F - 3 scrolls of identify {unknown}
Potions
 b - a potion of lignification
 e - 3 potions of enlightenment {unknown}
 m - 2 potions of degeneration {unknown}
 t - 3 potions of haste
 x - a potion of mutation {unknown}
 z - a potion of brilliance
 A - a potion of might
 H - a potion of cancellation {unknown}


   Skills:
 + Level 6.6 Fighting
 + Level 6.1 Short Blades
 + Level 6.1 Long Blades
 + Level 6.1 Axes
 + Level 6.1 Maces & Flails
 + Level 6.1 Polearms
 + Level 6.1 Staves
 + Level 6.1 Ranged Weapons
 + Level 6.1 Throwing
 + Level 6.1 Armour
 + Level 7.7 Dodging
 + Level 6.1 Stealth
 + Level 6.1 Shields
 + Level 9.0 Unarmed Combat
 + Level 6.1 Spellcasting
 + Level 5.0 Conjurations
 + Level 5.0 Hexes
 + Level 5.0 Summonings
 + Level 5.0 Necromancy
 + Level 5.0 Translocations
 + Level 5.0 Transmutations
 + Level 5.0 Fire Magic
 + Level 5.0 Ice Magic
 + Level 5.0 Air Magic
 + Level 5.0 Earth Magic
 + Level 5.0 Poison Magic
 + Level 6.7 Invocations
 + Level 6.1 Evocations
 + Level 8.7 Shapeshifting


You had 13 spell levels left.
You knew the following spells:

 Your Spells              Type           Power      Damage    Failure   Level
a - Momentum Strike       Conj/Tloc      68%        3d9       1%          2
b - Vampiric Draining     Necr           34%        2d8       3%          3
c - Summon Guardian Gole  Hex/Summ       34%        N/A       3%          3

Your spell library contained the following spells:

 Spells                   Type           Power      Damage    Failure   Level
 Slow                     Hex            100%       N/A       1%          1
 Blink                    Tloc           68%        N/A       1%          2
 Lesser Beckoning         Tloc           68%        N/A       1%          2
 Passwall                 Tmut/Erth      28%        N/A       1%          2
 Confusing Touch          Hex            34%        N/A       3%          3
 Cause Fear               Hex            17%        N/A       12%         4
 Manifold Assault         Tloc           34%        N/A       12%         4
 Petrify                  Tmut/Erth      34%        N/A       12%         4


Dungeon Overview and Level Annotations

Branches:
Dungeon (7/15)             Temple (0/1) D:6           Sewer (visited)

Altars:
Cheibriados
Elyvilon
Hepliaklqana
Kikubaaqudgha
Ru
Wu Jian
Xom
Zin


Innate Abilities, Weirdness & Mutations

You are something dangerously unstable.
You glow with magical radiation, making you easy to see and hit.
Foes you strike become dangerously contaminated with magical radiation.
You are incapable of wielding weapons or throwing items.
You have very sharp teeth.
Your uncanny sense of smell can sniff out nearby items.
Your experience applies equally to all skills.
You sometimes lose your temper in combat.
Your body sometimes deteriorates upon taking damage.
((You are occasionally teleported next to monsters.))
[You are very weak. (Str -4)]
[You occasionally lose the ability to drink potions when taking damage.]
[You occasionally lose the ability to read scrolls when taking damage.]


Message History

The orange demon misses you. The orange demon closely misses you.
The cacodemon gestures at you. You resist with significant effort.
It was a potion of curing.
You feel better. The cacodemon closely misses you. x2
The orange demon stings you from afar.
* * * LOW HITPOINT WARNING * * *
Casting: Summon Guardian Golem (dangerous; 3% risk of failure)
Confirm with . or Enter, or press ? or * to list all spells.
You can't see any susceptible monsters within range! (Use Z to cast anyway.) Unknown command.
You are too injured to fight recklessly!
The cacodemon hits you but does no damage.
The cacodemon closely misses you. The orange demon closely misses you. x2
The cacodemon barely misses you. x2
The orange demon stings you but does no damage.
The orange demon hits you but does no damage.
The orange demon completely misses you. The orange demon barely misses you.
The cacodemon gestures at you. The bolt of energy misses you.
Casting: Summon Guardian Golem (dangerous; 3% risk of failure)
Confirm with . or Enter, or press ? or * to list all spells.
You can't see any susceptible monsters within range! (Use Z to cast anyway.) Unknown command.
Casting: Summon Guardian Golem (dangerous; 3% risk of failure)
Confirm with . or Enter, or press ? or * to list all spells.
A guardian golem appears, shielding your allies.
The cacodemon gestures at you.
You are confused.
The orange demon barely misses you. The orange demon closely misses you. x3
The cacodemon gestures at you. The bolt of energy hits you!
* * * LOW HITPOINT WARNING * * *
The cacodemon stops glowing.
The cacodemon gestures at you.
Strange energies course through your body.
You feel weirdly uncertain. The orange demon closely misses you.
An iron imp comes into view.
The orange demon stings you from afar.
You die...

. ..... ..........
#..## .##..##. ##.
# #
##..##..##..##..##
. #.
#.............. ..
#. ........ .....
..
##..#..##..##..##
## #...#..
#.....#..# . #.
#....## ..#......
# ###.B##....#
...... ..
.##....#. #.# . .
# .# #42.#.# #. .
# ..∩...9....... #
.#....##....#. .
..#...#.###......
..#...'.# ..##...
..#...#5#. .. ..
#.......#. ... .#.


You could see a cacodemon (misshapen, ally target), an orange demon, an iron imp
and a friendly guardian golem (summoned).

Vanquished Creatures
  2 wretched stars (Abyss:1)
  A sixfirhy (Abyss:1)
  A large abomination (Abyss:1)
  A wraith (Abyss:1)
  A small abomination (Abyss:1)
  A water moccasin (D:7)
  2 ice beasts
  An ogre (D:5)
  2 centaurs
  A phantom (D:7)
  3 kobold brigands (D:7)
  5 scorpions
  6 wights (D:7)
  A jelly (D:6)
  A quasit (Abyss:1)
  2 hounds
  2 iron imps
  2 orc priests
  A gnoll bouda (D:6)
  2 iguanas (D:6)
  2 sleepcaps
  Terence (D:2)
  3 orc wizards
  A hell rat (Sewer)
  Robin (D:3)
  7 gnolls (D:6)
  2 river rats (Sewer)
  3 adders
  A shadow imp (D:5)
  A white imp (D:5)
  An ufetubus (D:5)
  A worm (D:2)
  A dart slug (D:3)
  21 orcs
  5 endoplasms
  6 giant cockroaches
  14 goblins
  19 hobgoblins
  18 kobolds
  5 quokkas
  5 ball pythons
  5 bats
  A frilled lizard (D:2)
  10 rats
172 creatures vanquished.

Vanquished Creatures (others)
  2 wights (D:7)
2 creatures vanquished.

Grand Total: 174 creatures vanquished

Notes
Turn   | Place    | Note
-------+----------+-------------------------------------------
     0 | D:1      | innerfire43 the Gnoll Shapeshifter began the quest for the
                  | Orb.
     0 | D:1      | Reached XP level 1. HP: 17/17 MP: 1/1
   144 | D:1      | Reached XP level 2. HP: 18/23 MP: 2/2
   575 | D:1      | Reached XP level 3. HP: 26/28 MP: 3/3
   737 | D:2      | Reached skill level 1 in Invocations
  1039 | D:2      | Noticed Terence
  1048 | D:2      | Killed Terence
  1049 | D:2      | Reached skill level 1 in Short Blades
  1049 | D:2      | Reached skill level 1 in Long Blades
  1049 | D:2      | Reached skill level 1 in Axes
  1049 | D:2      | Reached skill level 1 in Maces & Flails
  1049 | D:2      | Reached skill level 1 in Polearms
  1049 | D:2      | Reached skill level 1 in Staves
  1049 | D:2      | Reached skill level 1 in Ranged Weapons
  1049 | D:2      | Reached skill level 1 in Throwing
  1049 | D:2      | Reached skill level 1 in Armour
  1049 | D:2      | Reached skill level 1 in Stealth
  1049 | D:2      | Reached skill level 1 in Shields
  1049 | D:2      | Reached skill level 1 in Spellcasting
  1049 | D:2      | Reached skill level 1 in Evocations
  1049 | D:2      | Reached XP level 4. HP: 20/34 MP: 5/5
  1525 | D:3      | Reached skill level 1 in Conjurations
  1525 | D:3      | Reached skill level 1 in Hexes
  1525 | D:3      | Reached skill level 1 in Summonings
  1525 | D:3      | Reached skill level 1 in Necromancy
  1525 | D:3      | Reached skill level 1 in Translocations
  1525 | D:3      | Reached skill level 1 in Transmutations
  1525 | D:3      | Reached skill level 1 in Fire Magic
  1525 | D:3      | Reached skill level 1 in Ice Magic
  1525 | D:3      | Reached skill level 1 in Air Magic
  1525 | D:3      | Reached skill level 1 in Earth Magic
  1525 | D:3      | Reached skill level 1 in Poison Magic
  1679 | D:3      | Reached XP level 5. HP: 35/40 MP: 6/6
  1698 | D:3      | Noticed Robin
  1705 | D:3      | Killed Robin
  1715 | D:3      | Reached skill level 5 in Fighting
  1715 | D:3      | Reached skill level 8 in Unarmed Combat
  1715 | D:3      | Reached skill level 5 in Invocations
  1715 | D:3      | Reached XP level 6. HP: 51/51 MP: 6/12
  1894 | D:3      | Found an ornate altar of the Wu Jian Council.
  1894 | D:3      | Found a glowing silver altar of Zin.
  2064 | D:3      | Found a snail-covered altar of Cheibriados.
  2075 | D:3      | Became a worshipper of Cheibriados the Contemplative
  2109 | D:3      | Found a faded altar of an unknown god.
  2287 | D:4      | Found a white marble altar of Elyvilon.
  2308 | D:4      | Reached XP level 7. HP: 56/56 MP: 14/14
  2471 | D:4      | Found an ancient bone altar of Kikubaaqudgha.
  2772 | D:5      | Entered Level 5 of the Dungeon
  2772 | D:5      | Found a glowing drain.
  2792 | Sewer    | Entered a sewer
  2831 | Sewer    | Reached * piety under Cheibriados
  3163 | D:5      | Found a sacrificial altar of Ru.
  3295 | D:5      | Reached XP level 8. HP: 63/63 MP: 15/15
  3410 | D:5      | Reached skill level 5 in Short Blades
  3410 | D:5      | Reached skill level 5 in Long Blades
  3410 | D:5      | Reached skill level 5 in Axes
  3410 | D:5      | Reached skill level 5 in Maces & Flails
  3410 | D:5      | Reached skill level 5 in Polearms
  3410 | D:5      | Reached skill level 5 in Staves
  3410 | D:5      | Reached skill level 5 in Ranged Weapons
  3410 | D:5      | Reached skill level 5 in Throwing
  3410 | D:5      | Reached skill level 5 in Armour
  3410 | D:5      | Reached skill level 5 in Stealth
  3410 | D:5      | Reached skill level 5 in Shields
  3410 | D:5      | Reached skill level 5 in Spellcasting
  3410 | D:5      | Reached skill level 5 in Evocations
  3567 | D:5      | Found a hazy altar of Hepliaklqana.
  3636 | D:5      | Found a shimmering altar of Xom.
  3642 | D:5      | Learned a level 2 spell: Momentum Strike
  3838 | D:6      | Found a staircase to the Ecumenical Temple.
  4011 | D:6      | Reached ** piety under Cheibriados
  4880 | D:7      | Learned a level 3 spell: Vampiric Draining
  4962 | D:7      | Reached *** piety under Cheibriados
  4963 | D:7      | Reached XP level 9. HP: 67/69 MP: 12/16
  5057 | D:7      | Identified a scroll of acquirement
  5057 | D:7      | Acquired Sif Muna's Grimoire of the Quake and Guile
  5063 | D:7      | Learned a level 3 spell: Summon Guardian Golem
  5456 | Abyss:1  | Cast into level 1 of the Abyss (kobold)
  5531 | Abyss:1  | Noticed a wretched star
  5540 | Abyss:1  | Killed a wretched star
  5609 | Abyss:1  | Reached **** piety under Cheibriados
  5628 | Abyss:1  | Noticed a wretched star
  5642 | Abyss:1  | Killed a wretched star
  5643 | Abyss:1  | Reached XP level 10. HP: 59/61 MP: 18/18
  5670 | Abyss:1  | Noticed a large abomination
  5678 | Abyss:1  | Killed a large abomination
  5694 | Abyss:1  | Reached skill level 9 in Unarmed Combat
  5699 | Abyss:1  | Noticed an orange demon
  5701 | Abyss:1  | Noticed a sixfirhy
  5702 | Abyss:1  | Noticed a cacodemon
  5709 | Abyss:1  | Killed a sixfirhy
  5710 | Abyss:1  | Reached skill level 5 in Conjurations
  5710 | Abyss:1  | Reached skill level 5 in Hexes
  5710 | Abyss:1  | Reached skill level 5 in Summonings
  5710 | Abyss:1  | Reached skill level 5 in Necromancy
  5710 | Abyss:1  | Reached skill level 5 in Translocations
  5710 | Abyss:1  | Reached skill level 5 in Transmutations
  5710 | Abyss:1  | Reached skill level 5 in Fire Magic
  5710 | Abyss:1  | Reached skill level 5 in Ice Magic
  5710 | Abyss:1  | Reached skill level 5 in Air Magic
  5710 | Abyss:1  | Reached skill level 5 in Earth Magic
  5710 | Abyss:1  | Reached skill level 5 in Poison Magic
  5717 | Abyss:1  | Gained mutation: You sometimes lose your temper in combat.
                  | [a cacodemon]
  5720 | Abyss:1  | Gained mutation: Your body sometimes deteriorates upon
                  | taking damage. [a cacodemon]
  5724 | Abyss:1  | Gained mutation: You are occasionally teleported next to
                  | monsters. [a cacodemon]
  5724 | Abyss:1  | Slain by an orange demon

Illustrated notes

Levels and vault maps discovered:
D:1:      lightli_arrival_maybe_door_vault, layout_rooms, kennysheep_nondescript
D:2:      layout_basic, uniq_terence
D:3:      layout_rooms, slow_altar_2, nicolae_overflow_two_pavilions,
          shapermc_ecumenical_altar_hornbeckon, guppyfry_early_lair_pool,
          uniq_robin
D:4:      layout_rooms, mainiacjoe_overflow_six_doors_small,
          mainiacjoe_overflow_alcove_4
D:5:      layout_basic, nicolae_overflow_hidden_temple,
          worldfamousw_hep_ancestral_shrine, nicolae_ru_awakened_eye,
          cheibrodos_sewer_entry_drain, nrook_mini_backslash
D:6:      layout_loops_corners, minmay_temple_entry_statues_fountains
D:7:      cheibrodos_quashed, layout_basic
Abyss:1:  base:
D:2

Skill      XL: |  1  2  3  4  5  6  7  8  9 10 |
---------------+-------------------------------+-----
Invocations    | 1 5 6 |  6.7
Short Blades   | 1 4 5 6 |  6.1
Long Blades    | 1 4 5 6 |  6.1
Axes           | 1 4 5 6 |  6.1
Maces & Flails | 1 4 5 6 |  6.1
Polearms       | 1 4 5 6 |  6.1
Staves         | 1 4 5 6 |  6.1
Ranged Weapons | 1 4 5 6 |  6.1
Throwing       | 1 4 5 6 |  6.1
Armour         | 1 4 5 6 |  6.1
Stealth        | 1 4 5 6 |  6.1
Shields        | 1 4 5 6 |  6.1
Spellcasting   | 1 4 5 6 |  6.1
Evocations     | 1 4 5 6 |  6.1
Conjurations   | 1 3 4 5 |  5.0
Hexes          | 1 3 4 5 |  5.0
Summonings     | 1 3 4 5 |  5.0
Necromancy     | 1 3 4 5 |  5.0
Translocations | 1 3 4 5 |  5.0
Transmutations | 1 3 4 5 |  5.0
Fire Magic     | 1 3 4 5 |  5.0
Ice Magic      | 1 3 4 5 |  5.0
Air Magic      | 1 3 4 5 |  5.0
Earth Magic    | 1 3 4 5 |  5.0
Poison Magic   | 1 3 4 5 |  5.0
Fighting       | 5 6 |  6.6
Dodging        | 6 7 |  7.7
Unarmed Combat | 8 9 |  9.0
Shapeshifting  | 7 8 |  8.7

Action                     |  1- 3 |  4- 6 |  7- 9 | 10-12 || total
---------------------------+-------+-------+-------+-------++-------
  Melee: Unarmed           |    82 |   142 |   310 |    27 ||   561
         Bite              |     4 |    20 |    39 |     5 ||    68
   Cast: Vampiric Draining |       |       |     3 |       ||     3
         Summon Guardian G |       |       |     2 |     1 ||     3
    Use: Potion            |       |     3 |     2 |     2 ||     7
         Scroll            |       |       |     4 |       ||     4
   Stab: Sleeping          |       |       |     1 |       ||     1
         Distracted        |       |       |       |     1 ||     1
 Armour: Animal skin       |     9 |       |       |       ||     9
         Ring mail         |       |    59 |    79 |    22 ||   160
  Dodge: Dodged            |    51 |   108 |   184 |    49 ||   392
   Form: Flux              |     1 |       |       |       ||     1

Table legend: (Time is in decaauts)
 A = Elapsed time spent in this place.
 B = Non-inter-level travel time spent in this place.
 C = Inter-level travel time spent in this place.
 D = Time resting spent in this place.
 E = Time spent auto-exploring this place.
 F = Levels seen in this place.
 G = Mean time per level.
                   A        B        C        D        E       F      G
               +--------+--------+--------+--------+--------+-----+--------+
         Total |   6807 |   6420 |    387 |      0 |   5085 |   9 |  756.3 |
       Dungeon |   6372 |   5985 |    387 |      0 |   4888 |   7 |  910.3 |
         Abyss |    300 |    300 |      0 |      0 |    161 |   1 |  300.0 |
         Sewer |    134 |    134 |      0 |      0 |     35 |   1 |  134.0 |
               +--------+--------+--------+--------+--------+-----+--------+

Top non-repeatable levels by time:
     D:6: 1338 daAuts
     D:5: 1160 daAuts
     D:7: 969 daAuts
     D:2: 885 daAuts
     D:4: 759 daAuts
     D:3: 638 daAuts
     D:1: 621 daAuts
 Abyss:1: 300 daAuts
   Sewer: 134 daAuts
